 Dungeon Crawl Stone Soup version 0.31-a0-117-g42d8f58691 (webtiles) character file.

Game seed: 9113337933001138853

18 hikkokomori the Firebug (level 2, -1/19 (20) HPs)
             Began as a Demonspawn Fire Elementalist on May 31, 2023.
             Slain by Sigmund
             ... wielding a +0 scythe
              (8 damage)
             ... on level 2 of the Dungeon.
             The game lasted 00:01:01 (1818 turns).

hikkokomori the Firebug (DsFE)                      Turns: 1818, Time: 00:01:02

HP:   -1/19 (20)    AC:  2    Str:  8    XL:     2   Next: 51%
MP:   0/5           EV: 12    Int: 16    God:
Gold: 100           SH:  0    Dex: 13    Spells: 4/5 levels left

rFire   . . .        d - +1 dagger (drain)
rCold   . . .        (no shield)
rNeg    . . .        a - +0 robe
rPois   .            (no helmet)
rElec   .            (no cloak)
rCorr   .            (no gloves)
SInv    .            (no boots)
Will    .....        (no amulet)
Stlth   ++           (no ring)
HPRegen 0.23/turn    (no ring)
MPRegen 0.09/turn

%: no passive effects
@: mighty, very slightly contaminated, drained
A: powered by pain 1
a: no special abilities


You were on level 2 of the Dungeon.
You visited 1 branch of the dungeon, and saw 2 of its levels.

You collected 100 gold pieces.

Inventory:

Hand Weapons
 d - a +1 dagger of draining (weapon)
Armour
 a - a +0 robe (worn)
Jewellery
 i - a ring of protection from fire
Scrolls
 f - a scroll of blinking {unknown}
 g - a scroll of magic mapping {unknown}
 k - a scroll of teleportation {unknown}
Potions
 b - a potion of magic
 c - a potion of invisibility {unknown}
 e - a potion of attraction {unknown}
 h - a potion of cancellation {unknown}
 j - 2 potions of heal wounds {unknown}


   Skills:
 + Level 0.7 Fighting
 - Level 1.8 Dodging
 + Level 2.2 Stealth
 + Level 2.2 Spellcasting
 - Level 1.0 Conjurations
 + Level 2.9 Fire Magic


You had 4 spell levels left.
You knew the following spells:

 Your Spells              Type           Power      Damage    Failure   Level
a - Foxfire               Conj/Fire      32%        2x1d5     9%          1

Your spell library contained the following spells:

 Spells                   Type           Power      Damage    Failure   Level
 Scorch                   Fire           22%        2d6       9%          2
 Necrotise                Necr           4%         1d4       21%         1
 Inner Flame              Hex/Fire       6%         N/A       32%         3
 Volatile Blastmotes      Fire/Tloc      12%        2d11      32%         3
 Vampiric Draining        Necr           1%         2d6       52%         3
 Flame Wave               Conj/Fire      8%         2d5       65%         4
 Agony                    Necr           1%         N/A       99%         5


Dungeon Overview and Level Annotations

Branches:
Dungeon (2/15)

Altars:

Annotations:
D:2 Sigmund


Innate Abilities, Weirdness & Mutations

You sometimes gain a little power by taking damage.


Message History

There is not enough space to conjure foxfire!
Sigmund is nearby!
There is not enough space to conjure foxfire!
Sigmund is nearby!
You hit Sigmund. You drain Sigmund.
Sigmund is heavily wounded.
Sigmund gestures at you while chanting. You resist with some effort.
Your foxfire dissipates!
Sigmund closely misses you.
Unknown command.
Casting: Foxfire (safe; 9% risk of failure)
Confirm with . or Enter, or press ? or * to list all spells.
Okay, then.
Casting: Foxfire (safe; 9% risk of failure)
Confirm with . or Enter, or press ? or * to list all spells.
You conjure some foxfire!
Unknown command.
Your foxfire dissipates!
The foxfire hits Sigmund but does no damage.
Sigmund is heavily wounded.
Unknown command.
Casting: Foxfire (safe; 9% risk of failure)
Confirm with . or Enter, or press ? or * to list all spells.
You miscast Foxfire.
You are very lightly contaminated with residual magic.
Nothing appears to happen.
Sigmund closely misses you.
Unknown command.
Casting: Foxfire (safe; 9% risk of failure)
Confirm with . or Enter, or press ? or * to list all spells.
You miscast Foxfire.
Nothing appears to happen.
Sigmund misses you.
Unknown command.
You hit Sigmund but do no damage.
Sigmund is heavily wounded.
Sigmund hits you with a +0 scythe!
You focus on the pain.
You feel very mighty all of a sudden.
You closely miss Sigmund.
Sigmund is heavily wounded.
Sigmund hits you with a +0 scythe!
You die...

#.# #.# #.# #.#
#####.#####
#######.........#
#.......###.###.#
#.#####.###.###.#
#@# #.##...##.##
#@# #.#.........
#.# #.##...##.##
..# #.###.###.#
##.# #.###.###.#
#.# #.........#
#.# #####'#####
..# ##...## #.#
##.....##


You could see Sigmund (very drained).

Vanquished Creatures
  A dart slug (D:1)
  2 ball pythons
  A bat (D:2)
  An endoplasm (D:1)
  A hobgoblin (D:1)
  3 quokkas (D:1)
  4 kobolds
  3 rats
16 creatures vanquished.

Vanquished Creatures (others)
  69 foxfires
69 creatures vanquished.

Grand Total: 85 creatures vanquished

Notes
Turn   | Place    | Note
-------+----------+-------------------------------------------
     0 | D:1      | hikkokomori the Demonspawn Fire Elementalist began the
                  | quest for the Orb.
     0 | D:1      | Reached XP level 1. HP: 13/13 MP: 3/3
   635 | D:1      | Gained mutation: You sometimes gain a little power by
                  | taking damage. [demonic ancestry]
   635 | D:1      | Reached XP level 2. HP: 16/17 MP: 0/5
  1802 | D:2      | Noticed Sigmund
  1818 | D:2      | Slain by Sigmund

Illustrated notes

Levels and vault maps discovered:
D:1:      dpeg_arrival_solitude, layout_loops_corners, serial_aquarium,
          aquarium_bridge_straight [aquarium_subvault_bridge,
          aquarium_subvault_window, aquarium_subvault_bridge,
          aquarium_subvault_balcony], aquarium_bridge_straight
          [aquarium_subvault_bridge, aquarium_subvault_wall,
          aquarium_subvault_bridge, aquarium_subvault_balcony],
          aquarium_window_3, aquarium_window_fake, aquarium_window_1,
          aquarium_window_corner, aquarium_view_2b
D:2:      layout_loops_corners, minmay_misc_feat_square, grunt_ministairs_7,
          uniq_sigmund, uniq_natasha

Skill      XL: |  1 |
---------------+----+-----
Stealth        | 2 |  2.2
Fighting       | |  0.7
Dodging        | |  1.8
Spellcasting   | |  2.2
Conjurations   | |  1.0
Fire Magic     | |  2.9

Action                     || total
---------------------------++-------
  Melee: Unarmed           ||    22
         Dagger            ||    11
   Cast: Foxfire           ||    50
   Stab: Sleeping          ||     2
 Armour: Robe              ||     6
  Dodge: Dodged            ||    30

Table legend: (Time is in decaauts)
 A = Elapsed time spent in this place.
 B = Non-inter-level travel time spent in this place.
 C = Inter-level travel time spent in this place.
 D = Time resting spent in this place.
 E = Time spent auto-exploring this place.
 F = Levels seen in this place.
 G = Mean time per level.
                   A        B        C        D        E       F      G
               +--------+--------+--------+--------+--------+-----+--------+
         Total |   1817 |   1786 |     31 |      0 |   1641 |   2 |  908.5 |
       Dungeon |   1817 |   1786 |     31 |      0 |   1641 |   2 |  908.5 |
               +--------+--------+--------+--------+--------+-----+--------+

Top non-repeatable levels by time:
     D:1: 1356 daAuts
     D:2: 460 daAuts
